 Dungeon Crawl Stone Soup version 0.22-a0-247-gbddf880 (webtiles) character file.

417 mhoghedin the Stinger (level 6, -6/45 HPs)
             Began as a Draconian Venom Mage on Feb 27, 2018.
             Mangled by an iguana (9 damage)
             ... on level 4 of the Dungeon on Feb 28, 2018.
             The game lasted 00:08:18 (3350 turns).

mhoghedin the Stinger (Draconian Venom Mage)        Turns: 3350, Time: 00:08:19

Health: -6/45      AC:  9    Str: 10    XL:     6   Next: 61%
Magic:  0/10       EV: 12    Int: 17    God:
Gold:   110        SH:  0    Dex: 15    Spells: 1/11 levels left

rFire    . . .     SeeInvis .   d - +0 dagger
rCold    . . .     Gourm    .   (no shield)
rNeg     . . .     Faith    .   (armour unavailable)
rPois    .         Spirit   .   (helmet restricted)
rElec    .         Reflect  .   (no cloak)
rCorr    .         Harm     .   m - +2 pair of gloves
MR       .....                  (no boots)
Stlth    ++........             (no amulet)
HPRegen  0.15/turn              k - +3 ring of dexterity
MPRegen  0.12/turn              (no ring)

@: no status effects
A: unfitting armour, cold-blooded, AC +6
a: no special abilities


You were on level 4 of the Dungeon.
You were not hungry.

You visited 1 branch of the dungeon, and saw 4 of its levels.

You collected 110 gold pieces.

Inventory:

Hand Weapons
 d - a +0 dagger (weapon)
   (You took it off a kobold on level 1 of the Dungeon)
 l - a cursed +0 falchion
   (You took it off an orc on level 4 of the Dungeon)
Armour
 m - a +2 pair of gloves (worn)
   (You found it on level 3 of the Dungeon)
Jewellery
 k - a +3 ring of dexterity (left hand)
   (You found it on level 2 of the Dungeon)
Scrolls
 g - 3 scrolls of identify
 j - 2 scrolls of fog
 p - 2 scrolls of enchant weapon
Potions
 b - a potion of ambrosia {unknown}
 c - 3 potions of resistance
 e - a potion of magic {unknown}
 f - a potion of curing {unknown}
 h - 2 potions of haste
 i - 2 potions of lignification {unknown}
 o - a potion of brilliance {unknown}
Comestibles
 a - 4 rations


   Skills:
 + Level 0.0 Fighting
 - Level 1.7 Dodging
 - Level 1.7 Stealth
 - Level 3.0 Spellcasting
 - Level 1.0 Conjurations
 - Level 7.1 Poison Magic


You had one spell level left.
You knew the following spells:

 Your Spells              Type           Power        Failure   Level  Hunger
a - Sting                 Conj/Pois      ###.         3%          1    None
b - Poisonous Vapours     Pois/Air       ##....       6%          2    ##.....
c - Olgreb's Toxic Radia  Pois           ####....     9%          4    ####...
x - Mephitic Cloud        Conj/Pois/Air  ##......     17%         3    ###....


Dungeon Overview and Level Annotations

Branches:
Dungeon (4/15)
 Temple: D:4-7

Altars:
Makhleb
Nemelex Xobeh
Sif Muna

Annotations:
D:4 Grinder


Innate Abilities, Weirdness & Mutations

Your plain brown scales are hard. (AC +6)
You cannot fit into any form of body armour.
You are cold-blooded and may be slowed by cold attacks.


Message History

You see here an enchanted falchion.
An orc comes into view. It is wielding a trident.
The orc moves out of view.
The leopard gecko moves out of view.
An orc comes into view. It is wielding a flail.
Okay, then.
Unknown command.
You begin to radiate toxic energy.
The orc shouts! x2
The ogre is poisoned.
The orc is poisoned. x2; The orc wizard is poisoned.
You hear a shout!
The orc shouts!
You hear an angry hiss.
You now have 2/10 mp.
The leopard gecko hisses angrily.
The leopard gecko is poisoned.
The orc wizard closely misses you.
You see here an enchanted falchion.
l - an enchanted falchion The ogre looks even sicker.
You kill the orc!
The orc is poisoned.
The orc looks even sicker.
The orc wizard looks even sicker.
Your toxic aura wanes.
The orc wizard hits you but does no damage.
You kill the orc!
You kill the leopard gecko!
The orc wizard gestures wildly while chanting.
The orc wizard flickers and vanishes!
Deactivating autopickup; reactivate with Ctrl-A.
An orc comes into view.
A magic dart appears from out of thin air!
The magic dart hits you!
You take 4 damage, and have 41/45 hp.
The orc looks more healthy.
There is an open door here.
You hear some strange, mumbled words.
A puff of flame appears from out of thin air!
The puff of flame hits you!
You take 6 damage, and have 36/45 hp.
Reactivating autopickup.
You feel a bit more experienced.
You begin to radiate toxic energy.
The orc is poisoned.
You now have 0/10 mp.
The ogre looks even sicker.
The orc looks even sicker.
An iguana comes into view.
The ogre looks even sicker.
You kill the orc! x2
The iguana is poisoned.
Your toxic aura wanes.
An orc wizard comes into view. It is wielding a dagger.
Found an escape hatch in the floor.
Found a stone staircase leading up.
The ogre completely misses you. The iguana misses you.
The iguana looks more healthy.
There is an escape hatch in the floor here.
There is a stone staircase leading up here.
The ogre hits you with a giant spiked club!!
The iguana closely misses you.
You climb upwards.
There is a stone staircase leading down here.
You take 18 damage, and have 20/45 hp.
MASSIVE DAMAGE!!
Unknown command.
Okay, then.
Unknown command.
Okay, then.
Unknown command.
The iguana bites you but does no damage.
The ogre hits you with a giant spiked club!
* * * LOW HITPOINT WARNING * * *
You climb downwards.
Level annotation: Grinder
There is a stone staircase leading up, spattered with blood here.
You take 16 damage, and have 4/45 hp.
MASSIVE DAMAGE!!
Okay, then.
Unknown command.
As you read the scroll labeled JOREOR TYAHEONK, it crumbles to dust.
It is a scroll of enchant weapon.
Your enchanted falchion glows red for a moment.
The iguana bites you but does no damage.
The iguana misses you.
You hit the iguana but do no damage. The iguana closely misses you.
The ogre misses you.
Unknown command.
Unknown command.
Unknown command.
You kill the ogre!
Your Poison Magic skill increases to level 7!
Unknown command.
The ball explodes into a vile cloud!
The stinking cloud engulfs the iguana.
You hear an angry hiss.
The iguana bites you.
* * * LOW HITPOINT WARNING * * *
You take 2 damage, and have 3/45 hp.
You now have 0/10 mp.
As you read the scroll labeled SAYSUN FAMIH, it crumbles to dust.
The creatures around you are filled with an inner flame!
It was a scroll of immolation.
The iguana bites you but does no damage.
Unknown command.
As you read the scroll labeled YGOGEN WALIG, it crumbles to dust.
You feel aware of your surroundings.
You sensed 1 altar, and 1 shop/portal.
It was a scroll of magic mapping.
The iguana bites you!
You die...

,,,,,,,,###............##########
,,,,,,,,,...........l.......(....
,,,,,,,***#............########.#
+*****++∩*#............# #.# ,,*
**,***#............# #.# *,***,,*
#............# #.# *,,**,,*
#<>.......###########.#
**,*,,,***#.........##.......##.#
,,,,,,,,,,+..§.l@...##.......##.#
***,**,***#..§§.....##.......##.#
,**,**,* #.........##.......##.#
***,,*,* ############..†....##.#
,***,*,* #...<...'..# ,* *,*,*
#.......#### ,* *,*,* #.......#
,* *,,,* #.......# ,****,,*
#.......#


You could see an iguana (inner flame) and a frilled lizard.

Vanquished Creatures
  An ogre (D:4)
  An orc priest (D:3)
  3 orc wizards
  An iguana (D:2)
  A worker ant (D:4)
  Robin (D:3)
  A howler monkey skeleton (D:4)
  4 adders
  3 worms (D:2)
  A dart slug (D:1)
  4 leopard geckos
  18 orcs
  6 bats
  2 giant cockroaches (D:2)
  13 goblins
  11 hobgoblins
  4 jackals (D:2)
  2 kobolds (D:1)
  3 frilled lizards
  A quokka skeleton (D:2)
  2 rats (D:1)
83 creatures vanquished.

Notes
Turn   | Place    | Note
-------+----------+-------------------------------------------
     0 | D:1      | mhoghedin the Draconian Venom Mage began the quest for the Orb.
     0 | D:1      | Reached XP level 1. HP: 14/14 MP: 3/3
   170 | D:1      | Reached XP level 2. HP: 20/20 MP: 5/5
   223 | D:1      | Learned a level 2 spell: Poisonous Vapours
   367 | D:1      | Reached skill level 4 in Poison Magic
   609 | D:2      | Reached XP level 3. HP: 18/26 MP: 0/6
   845 | D:2      | Learned a level 3 spell: Mephitic Cloud
  1050 | D:2      | Reached XP level 4. HP: 21/33 MP: 0/7
  1059 | D:2      | Reached skill level 5 in Poison Magic
  1798 | D:3      | Noticed Robin
  1801 | D:3      | Killed Robin
  2285 | D:3      | Reached XP level 5. HP: 38/38 MP: 5/9
  2550 | D:3      | Reached skill level 3 in Spellcasting
  2559 | D:3      | Learned a level 4 spell: Olgreb's Toxic Radiance
  2664 | D:3      | Reached skill level 6 in Poison Magic
  2817 | D:3      | Found a sparkling altar of Nemelex Xobeh.
  2998 | D:3      | Found a burning altar of Makhleb.
  3000 | D:3      | Found a deep blue altar of Sif Muna.
  3178 | D:4      | Noticed Grinder
  3216 | D:4      | Reached XP level 6. HP: 44/45 MP: 5/10
  3339 | D:3      | HP: 4/45 [ogre/giant spiked club (17)]
  3347 | D:4      | Reached skill level 7 in Poison Magic
  3348 | D:4      | HP: 3/45 [iguana (2)]
  3350 | D:4      | Mangled by an iguana

Vault maps used:
D:1:      scummos_arrival_hexagon
D:3:      overflow_temple_1_default, nicolae_overflow_hidden_temple,
          kennysheep_generic_room_9, uniq_robin
D:4:      kennysheep_little_box, serial_shops, kennysheep_mini,
          corexii_item_surrounded_by_moat, uniq_pikel, uniq_grinder

Skill      XL: |  1  2  3  4  5  6 |
---------------+-------------------+-----
Poison Magic   | 4 5 6 7 |  7.1
Spellcasting   | 3 |  3.0
Dodging        | |  1.7
Stealth        | |  1.7
Conjurations   | |  1.0

Action                   |  1- 3 |  4- 6 || total
-------------------------+-------+-------++-------
Melee: Dagger            |    81 |   159 ||   240
       Tailslap          |     6 |    17 ||    23
       Unarmed           |     2 |       ||     2
 Cast: Sting             |    13 |    10 ||    23
       Poisonous Vapours |    12 |    33 ||    45
       Olgreb's Toxic Ra |       |     4 ||     4
       Mephitic Cloud    |       |     1 ||     1
  Use: Scroll            |     1 |     8 ||     9
 Stab: Sleeping          |       |     1 ||     1
  Eat: Chunk             |     2 |     8 ||    10
       Ration            |       |     1 ||     1
Armor: Skin              |    24 |    47 ||    71
Dodge: Dodged            |    73 |   113 ||   186

Table legend:
 A = Spawn XP
 B = Non-spawn XP
 C = Spawn XP percentage of total XP
 D = Spawn monster count
 E = Non-spawn monster count
 F = Spawn count percentage of total count
 G = Total turns spent on level
                    A         B        C        D         E        F      G
               +---------+---------+-------+---------+---------+-------+---------
         Total |       0 |     596 |   0.0 |       0 |      83 |   0.0 |  3350
               +---------+---------+-------+---------+---------+-------+---------
           D:1 |       0 |      29 |   0.0 |       0 |      15 |   0.0 |   442
           D:2 |       0 |     133 |   0.0 |       0 |      29 |   0.0 |  1418
           D:3 |       0 |     206 |   0.0 |       0 |      29 |   0.0 |  1335
           D:4 |       0 |     228 |   0.0 |       0 |      10 |   0.0 |   155
               +---------+---------+-------+---------+---------+-------+---------

Vault maps used:
D:1:      scummos_arrival_hexagon
D:3:      overflow_temple_1_default, nicolae_overflow_hidden_temple,
          kennysheep_generic_room_9, uniq_robin
D:4:      kennysheep_little_box, serial_shops, kennysheep_mini,
          corexii_item_surrounded_by_moat, uniq_pikel, uniq_grinder

Table legend:
 A = Turns spent in this place as a percentage of turns spent in the entire game.
 B = Non-inter-level travel turns spent in this place as a percentage of non-inter-level travel turns spent in the entire game.
 C = Inter-level travel turns spent in this place as a percentage of turns spent in this place.
 D = Turns resting spent in this place as a percentage of non-inter-level travel turns spent in this place.
 E = Turns spent auto-exploring this place as a percentage of non-inter-level travel turns spent in this place.
 F = Non-inter-level travel turns spent in this place divided by the number of levels of this place that you've seen.
                   A       B       C       D       E      F
               +-------+-------+-------+-------+-------+----------------------
         Total | 100.0 | 100.0 |   3.3 |  31.2 |  46.1 | 809.8
       Dungeon | 100.0 | 100.0 |   3.3 |  31.2 |  46.1 | 809.8
               +-------+-------+-------+-------+-------+----------------------

Table legend:
 A = Kills in this place as a percentage of kills in entire the game.
 B = Kills by you in this place as a percentage of kills by you in the entire game.
 C = Kills by friends in this place as a percentage of kills by friends in the entire game.
 D = Other kills in this place as a percentage of other kills in the entire game.
 E = Experience gained in this place as a percentage of experience gained in the entire game.
 F = Experience gained in this place divided by the number of levels of this place that you have seen.
                   A       B       C       D       E      F
               +-------+-------+-------+-------+-------+----------------------
         Total | 100.0 | 100.0 |   N/A |   N/A | 100.0 | 149.0
       Dungeon | 100.0 | 100.0 |   N/A |   N/A | 100.0 | 149.0
               +-------+-------+-------+-------+-------+----------------------
